 Dungeon Crawl Stone Soup version 0.20-a0-509-ga2a529b (webtiles) character file.

273 Kaname the Stinger (level 6, 39/42 HPs)
             Began as a Demonspawn Venom Mage on Jan 22, 2017.
             Quit the game on level 4 of the Dungeon.
             The game lasted 00:08:21 (3738 turns).

Kaname the Stinger (Demonspawn Venom Mage)          Turns: 3738, Time: 00:08:21

Health: 39/42      AC: 10    Str:  8    XL:     6   Next: 3%
Magic:  9/9        EV: 12    Int: 18    God:
Gold:   167        SH:  0    Dex: 14    Spells: 1/9 levels left

rFire    . . .     SeeInvis .   e - +2 dagger (venom)
rCold    . . .     Gourm    .   a - +0 robe
rNeg     . . .     Faith    .   (no shield)
rPois    .         Spirit   +   (no helmet)
rElec    .         Reflect  .   k - +0 cloak
rCorr    .         Harm     .   q - +0 pair of gloves
MR       .....                  n - +0 pair of boots
Stlth    +++.......             (no amulet)
Regen    0.2/turn               x - +3 ring of protection
                                p - ring of stealth

@: no status effects
A: talons 1, thin metallic scales 1, magic shield
a: no special abilities


You were on level 4 of the Dungeon.
You were very hungry.

You visited 1 branch of the dungeon, and saw 4 of its levels.

You collected 167 gold pieces.

Inventory:

Hand Weapons
 e - a +2 dagger of venom (weapon)
Armour
 a - a +0 robe (worn)
 k - a +0 cloak (worn)
 n - a +0 pair of boots (worn)
 q - a +0 pair of gloves (worn)
Jewellery
 p - a ring of stealth (left hand)
 v - an uncursed ring of ice
 x - a +3 ring of protection (right hand)
Wands
 o - a wand of random effects (32/48)
Scrolls
 d - 6 scrolls of identify
 f - a scroll of enchant weapon {unknown}
 h - 4 scrolls of teleportation
 i - 2 scrolls of magic mapping {unknown}
 j - 2 scrolls of remove curse
 m - a scroll of amnesia {unknown}
 t - a scroll of fog {unknown}
 y - a scroll of fear {unknown}
Potions
 g - a potion of lignification
 s - a potion of curing
 u - a potion of might {unknown}
 w - 2 potions of haste
 z - a potion of cancellation {unknown}
 A - a potion of flight {unknown}
Books
 b - a Young Poisoner's Handbook

   Spells                             Type                      Level
   a - Sting                          Conjuration/Poison           1
   b - Poisonous Vapours              Poison/Air                   2
   c - Mephitic Cloud                 Conjuration/Poison/Air       3
   d - Olgreb's Toxic Radiance        Poison                       4
   e - Venom Bolt                     Conjuration/Poison           5
 r - a book of Cantrips

   Spells                             Type                      Level
   a - Confusing Touch                Hexes                        1
   b - Animate Skeleton               Necromancy                   1
   c - Summon Small Mammal            Summoning                    1
   d - Apportation                    Translocation                1
Comestibles
 c - 3 bread rations
 l - 4 meat rations


   Skills:
 - Level 0.4 Fighting
 - Level 1.0 Short Blades
 - Level 1.7 Dodging
 - Level 1.7 Stealth
 - Level 2.0 Spellcasting
 - Level 2.0 Conjurations
 + Level 3.1 Air Magic
 - Level 5.1 Poison Magic


You had one spell level left.
You knew the following spells:

 Your Spells              Type           Power        Failure   Level  Hunger
a - Sting                 Conj/Pois      ##..         4%          1    #......
b - Mephitic Cloud        Conj/Pois/Air  ##......     17%         3    ###....
c - Olgreb's Toxic Radia  Pois           ###.....     24%         4    #####..


Dungeon Overview and Level Annotations

Branches:
Dungeon (4/15)
 Temple: D:4-7

Altars:

Annotations:
D:4 Menkaure


Innate Abilities, Weirdness & Mutations

You have sharp toenails.
You are partially covered in thin metallic scales. (AC +2)
When hurt, damage is shared between your health and your magic reserves.


Message History

The iguana bites you but does no damage.
You hit the iguana but do no damage.
The iguana looks as sick as possible!
The iguana is moderately wounded.
The iguana closely misses you.
You hit the iguana but do no damage.
The iguana looks as sick as possible!
The iguana is moderately wounded.
The iguana bites you but does no damage.
You closely miss the iguana.
The iguana is moderately wounded.
The iguana bites you.
You closely miss the iguana.
The iguana is heavily wounded.
You kill the iguana!
Your Air Magic skill increases to level 3!
You have reached level 6!
Your experience leads to an increase in your attributes!
Increase (S)trength, (I)ntelligence, or (D)exterity?
You feel clever.
Your demonic ancestry asserts itself...
Thin metallic scales grow over part of your body.
Are you sure you want to abandon this character and quit the game? (Confirm with "yes".)

## ... ..# # . #.# #
.. #.# # ... # #.# .
.).....#.#####.# #
.$...........@..#
##.$.......#.#####)#
......M% .. #.#
#...=...... #.#
..>......% #.#
#.####### #.# .# #.#
≈ .# #.# #♣♣ ≈≈ .#
#. ###.#######≈♣ ≈≈≈


There were no monsters in sight!

Vanquished Creatures
  An ogre (D:4)
  An iguana (D:4)
  Ijyb (D:2)
  An orc wizard (D:3)
  Terence (D:2)
  3 adders (D:3)
  A worm (D:2)
  2 dart slugs (D:3)
  A leopard gecko (D:2)
  A ball python (D:1)
  4 giant cockroaches
  7 goblins
  4 hobgoblins
  4 jackals
  2 quokkas (D:2)
  8 bats
  7 frilled lizards (D:1)
  8 kobolds
  2 rats (D:1)
59 creatures vanquished.

Notes
Turn   | Place    | Note
-------+----------+-------------------------------------------
     0 | D:1      | Kaname the Demonspawn Venom Mage began the quest for the Orb.
     0 | D:1      | Reached XP level 1. HP: 13/13 MP: 3/3
   316 | D:1      | Gained mutation: You have sharp toenails. [demonic ancestry]
   316 | D:1      | Reached XP level 2. HP: 6/19 MP: 5/5
   754 | D:1      | Reached skill level 1 in Short Blades
  1435 | D:1      | Reached XP level 3. HP: 24/25 MP: 6/6
  1473 | D:2      | Noticed Terence
  1488 | D:2      | Killed Terence
  1707 | D:2      | Learned a level 3 spell: Mephitic Cloud
  2021 | D:2      | Noticed Ijyb
  2027 | D:2      | Reached skill level 4 in Poison Magic
  2036 | D:2      | Killed Ijyb
  2036 | D:2      | Gained mutation: When hurt, damage is shared between your health and your magic reserves. [demonic ancestry]
  2036 | D:2      | Reached XP level 4. HP: 14/31 MP: 5/7
  3004 | D:3      | Reached skill level 5 in Poison Magic
  3245 | D:3      | Reached skill level 1 in Air Magic
  3245 | D:3      | Reached XP level 5. HP: 12/36 MP: 3/8
  3457 | D:3      | Learned a level 4 spell: Olgreb's Toxic Radiance
  3529 | D:4      | Noticed an ogre
  3530 | D:4      | Noticed Menkaure
  3679 | D:4      | Killed an ogre
  3737 | D:4      | Gained mutation: You are partially covered in thin metallic scales. (AC +2) [demonic ancestry]
  3737 | D:4      | Reached XP level 6. HP: 39/42 MP: 9/9
  3738 | D:4      | Quit the game

Vault maps used:
D:1:      dpeg_arrival_water_altar, minmay_lizard_pond
D:2:      minmay_misc_feat_columns, uniq_iyjb, uniq_terence
D:4:      first_bread, hangedman_decor_peaks_small, serial_bayou_lake_a,
          uniq_menkaure

Skill      XL: |  1  2  3  4  5 |
---------------+----------------+-----
Short Blades   | 1 |  1.0
Conjurations   | 2 |  2.0
Poison Magic   | 4 5 |  5.1
Air Magic      | 1 3 |  3.1
Fighting       | |  0.4
Dodging        | |  1.7
Stealth        | |  1.7
Spellcasting   | |  2.0

Action                   |  1- 3 |  4- 6 || total
-------------------------+-------+-------++-------
Melee: Dagger            |    89 |   117 ||   206
       Kick              |     6 |       ||     6
 Cast: Sting             |     6 |    10 ||    16
  Use: Scroll            |     3 |     2 ||     5
 Stab: Sleeping          |     6 |       ||     6
  Eat: Chunk             |     3 |     5 ||     8
Armor: Robe              |    14 |    31 ||    45
Dodge: Dodged            |    48 |    87 ||   135
